 Dungeon Crawl Stone Soup version 0.27-a0-1147-gb3d8e82157 (webtiles) character file.

Game seed: 14622566612977426294

3616 kae the Carver (level 9, -1/75 HPs)
             Began as a Demonspawn Abyssal Knight on May 11, 2021.
             Was a High Priest of Lugonu.
             Slain by a sixfirhy (11 damage)
             ... summoned by an orc high priest
             ... in a bailey.
             The game lasted 00:10:14 (9187 turns).

kae the Carver (Demonspawn Abyssal Knight)          Turns: 9187, Time: 00:10:14

Health: -1/75      AC: 18    Str: 16    XL:     9   Next: 86%
Magic:  10/10      EV: 11    Int: 13    God:    Lugonu [*****.]
Gold:   405        SH:  4    Dex: 13    Spells: 8/8 levels left

rFire    . . .     SeeInvis .   h - +2 great sword (vorpal)
rCold    . . .     Faith    .   (shield currently unavailable)
rNeg     . . .     Spirit   .   c - +3 leather armour
rPois    .         Reflect  .   (helmet restricted)
rElec    .         Harm     .   v - +1 cloak
rCorr    .         Rampage  .   (no gloves)
Will     .....                  i - +2 pair of boots
Stlth    +.........             (no amulet)
HPRegen  0.22/turn              (no ring)
MPRegen  0.12/turn              (no ring)

@: mighty
A: antennae 1, slimy green scales 2, icemail 1, spiny 1, condensation shield
a: Renounce Religion, Depart the Abyss, Bend Space, Banish, Corrupt, Enter the
Abyss


You were in a bailey.
You worshipped Lugonu.
Lugonu was extremely pleased with you.
You visited 1 branch of the dungeon, and saw 7 of its levels.
You visited the Abyss 1 time.
You also visited: Sewer and Bailey.

You collected 445 gold pieces.
You spent 40 gold pieces at shops.

Inventory:

Hand Weapons
 a - a +1 falchion
 g - a +1 vorpal great sword
 h - a +2 vorpal great sword (weapon)
Missiles
 o - 2 curare-tipped darts
 q - 13 atropa-tipped darts
Armour
 c - a +3 leather armour (worn)
 i - a +2 pair of boots (worn)
 v - a +1 cloak (worn)
Wands
 k - a wand of flame (7) (quivered)
Scrolls
 b - a scroll of blinking
 m - a scroll of teleportation
 p - a scroll of fear
 u - a scroll of identify
Potions
 d - 4 potions of heal wounds
 e - a potion of lignification
 f - a potion of berserk rage
 j - 7 potions of flight
 l - 2 potions of brilliance
 n - 2 potions of might
 r - 3 potions of curing
 s - a potion of mutation
 t - a potion of haste


   Skills:
 + Level 8.8 Fighting
 * Level 10.7 Long Blades
 - Level 1.7 Armour
 - Level 0.8 Dodging
 - Level 2.4 Invocations


You had 8 spell levels left.
You didn't know any spells.
Your spell library contained the following spells:

 Spells                   Type           Power      Damage    Failure   Level
 Animate Skeleton         Necr           0%         N/A       36%         1
 Pain                     Necr           0%         1d4       36%         1
 Vampiric Draining        Necr           0%         2d6       75%         3
 Animate Dead             Necr           0%         N/A       98%         4
 Agony                    Necr           0%         N/A       100%        5


Dungeon Overview and Level Annotations

Branches:
Dungeon (7/15)             Temple (0/1) D:5           Sewer (visited)
 Bailey (1/1)

Altars:
Dithmenos
Fedhas
Nemelex Xobeh
Sif Muna
Uskayaw
Yredelemnul

Shops:
D:1 *   D:2 =

Annotations:
D:6 3 runed translucent doors, bmj180's ghost, novice DrCj


Innate Abilities, Weirdness & Mutations

You have a pair of small antennae on your head.
You are mostly covered in slimy green scales. (AC +3)
A meltable icy envelope protects you from harm. (AC +4)
You are partially covered in sharp spines.
A meltable shield of frost defends you. (SH +4)


Message History

You barely miss the hobgoblin. The hobgoblin is struck by your spines.
The hobgoblin hits you but does no damage.
You slash the hobgoblin!
You kill the hobgoblin!
Lugonu accepts your kill.
Things that are here:
a +0 hand axe; a +0 leather armour; a hobgoblin corpse You start resting.
HP restored.
As you close the gate, it creaks loudly!
You start waiting.
An orc high priest opens the gate.
It is wielding a +0 battleaxe.
You feel very mighty all of a sudden.
The orc high priest mumbles some strange prayers to Beogh.
The sixfirhy is struck by your spines. The sixfirhy hits you!
The sixfirhy shocks you! The sixfirhy closely misses you.
There is an open gate, spattered with blood here.
You slash the orc high priest!
The orc high priest is moderately wounded.
The sixfirhy hits you but does no damage.
The sixfirhy completely misses you.
You riposte.
You closely miss the sixfirhy.
The sixfirhy is moderately wounded.
The sixfirhy is struck by your spines. The sixfirhy barely misses you.
The orc high priest closely misses you. The chaos spawn gores you!
The chaos spawn freezes you!
You closely miss the orc high priest.
The orc high priest is moderately wounded.
The orc high priest utters an invocation to Beogh.
The chaos spawn is struck by your spines.
The chaos spawn hits you but does no damage.
The orc high priest is struck by your spines.
The orc high priest hits you with a +0 battleaxe!
* * * LOW HITPOINT WARNING * * *
You slice the orc high priest!!
The orc high priest is severely wounded.
The sixfirhy closely misses you. You block the chaos spawn's attack.
The sixfirhy is struck by your spines. The sixfirhy hits you.
* * * LOW HITPOINT WARNING * * *
The sixfirhy shocks you!
You die...

#########.......#########
≈≈≈≈≈≈≈≈.........≈≈≈≈≈≈≈≈
≈≈≈≈≈≈≈≈≈≈≈...≈≈≈≈≈≈≈≈≈≈≈
≈≈≈≈≈≈≈≈≈≈≈...≈≈≈≈≈≈≈≈≈≈≈
≈≈≈≈≈≈≈≈≈≈≈...≈≈≈≈≈≈≈≈≈≈≈
≈≈≈≈≈≈≈≈≈≈≈...≈≈≈≈≈≈≈≈≈;≈
######≈≈≈≈...4≈))######
#....)....).#
#####'@o#####
#..'..43.'..#
#..'.....'..#
####..#..⌠..#..#
#.....#.....# ...
#.8...#.....# .8
#.....####### . #.8.###
#.....{g.g.


You could see an orc high priest, an orange demon (summoned), a sixfirhy
(summoned) and a chaos spawn (summoned).

Vanquished Creatures
  A kobold demonologist (Bailey)
  Sigmund (D:2)
  A wyvern (D:6)
  Eustachio (D:6)
  A golden eye (shapeshifter) (D:6)
  A black bear (D:6)
  A sky beast (D:6)
  4 orc warriors (Bailey)
  2 ice beasts (D:5)
  4 ogres
  A centaur (D:5)
  3 kobold brigands
  6 scorpions
  A wyvern zombie (D:7)
  2 electric eels (Bailey)
  3 wights (D:6)
  4 bullfrog zombies
  4 hounds
  2 orc priests
  A centaur skeleton (D:5)
  2 iguanas (D:5)
  Jessica (D:2)
  A bullfrog skeleton (D:6)
  Ijyb (D:4)
  2 orc wizards (D:4)
  A killer bee zombie (D:6)
  9 adders
  2 river rats (Sewer)
  2 white imps
  An ufetubus (D:5)
  An adder skeleton (D:4)
  3 worms
  2 dart slugs
  16 orcs
  14 endoplasms
  6 giant cockroaches
  20 goblins
  9 hobgoblins
  2 jackals (D:3)
  6 quokkas
  16 ball pythons
  4 bats
  4 frilled lizards
  10 kobolds
  7 rats
  A spectral orc (D:3)
187 creatures vanquished.

Notes
Turn   | Place    | Note
-------+----------+-------------------------------------------
     0 | Abyss:1  | kae the Demonspawn Abyssal Knight began the quest for the
                  | Orb.
     0 | Abyss:1  | Reached XP level 1. HP: 18/18 MP: 2/2
    97 | Abyss:1  | Noticed an iron imp
   101 | Abyss:1  | Noticed a ynoxinul
   169 | Abyss:1  | Noticed a hellwing
   172 | D:1      | Escaped the Abyss
   311 | D:1      | Reached skill level 2 in Long Blades
   324 | D:1      | Found a faded altar of an unknown god.
   401 | D:1      | Gained mutation: A meltable shield of frost defends you.
                  | (SH +4) [demonic ancestry]
   401 | D:1      | Reached XP level 2. HP: 24/24 MP: 3/3
   403 | D:1      | Reached * piety under Lugonu
   737 | D:1      | Found Emeddur's Assorted Antiques.
   748 | D:1      | Bought a lumpy blue potion for 20 gold pieces
   748 | D:1      | Bought a sapphire potion for 20 gold pieces
   820 | D:1      | Gained mutation: You are partially covered in sharp spines.
                  | [demonic ancestry]
   820 | D:1      | Reached XP level 3. HP: 29/29 MP: 4/4
  1011 | D:1      | Reached skill level 3 in Long Blades
  1195 | D:2      | Noticed Jessica
  1198 | D:2      | Reached ** piety under Lugonu
  1493 | D:2      | Killed Jessica
  1494 | D:2      | Gained mutation: A meltable icy envelope protects you from
                  | harm. (AC +4) [demonic ancestry]
  1494 | D:2      | Reached XP level 4. HP: 37/37 MP: 5/5
  1595 | D:2      | Noticed Sigmund
  2095 | D:2      | You fall into a shaft and drop 2 floors!
  2095 | D:4      | Found a shadowy altar of Dithmenos.
  2406 | D:4      | Noticed an ogre
  2517 | D:3      | Noticed a kobold brigand
  2536 | D:3      | Killed a kobold brigand
  2537 | D:3      | Reached skill level 4 in Long Blades
  2537 | D:3      | Gained mutation: You are partially covered in slimy green
                  | scales. (AC +2) [demonic ancestry]
  2537 | D:3      | Reached XP level 5. HP: 37/42 MP: 6/6
  2633 | D:3      | Found a large runed translucent door.
  2634 | D:3      | Found a large runed translucent door.
  2802 | D:3      | Found a glowing drain.
  2811 | D:3      | Reached *** piety under Lugonu
  2822 | Sewer    | Entered a sewer
  2846 | Sewer    | Gained mutation: You have a pair of small antennae on your
                  | head. [demonic ancestry]
  2846 | Sewer    | Reached XP level 6. HP: 49/49 MP: 7/7
  2920 | Sewer    | Reached skill level 5 in Long Blades
  3171 | Sewer    | Reached skill level 5 in Fighting
  3536 | D:3      | Found a basalt altar of Yredelemnul.
  3811 | D:3      | Found a hide-covered altar of Uskayaw.
  3814 | D:3      | Found a sparkling altar of Nemelex Xobeh.
  3972 | D:2      | Found Ykkuzxoi's Jewellery Boutique.
  4690 | D:4      | You fall into a shaft and drop 1 floor!
  4690 | D:5      | Entered Level 5 of the Dungeon
  4698 | D:5      | Reached skill level 6 in Long Blades
  4698 | D:5      | Reached XP level 7. HP: 56/56 MP: 8/8
  4783 | D:5      | Reached **** piety under Lugonu
  5169 | D:4      | Noticed Ijyb
  5284 | D:4      | Killed Ijyb
  5604 | D:4      | Reached skill level 7 in Long Blades
  6053 | D:2      | Killed Sigmund
  6054 | D:2      | Reached XP level 8. HP: 40/64 MP: 9/9
  6296 | D:5      | Found a staircase to the Ecumenical Temple.
  6604 | D:5      | Reached skill level 8 in Long Blades
  6739 | D:5      | Found a shimmering blue altar of Sif Muna.
  6938 | D:5      | Found a blossoming altar of Fedhas.
  7438 | D:6      | Found a runed translucent gate.
  7438 | D:6      | Found a runed translucent gate.
  7441 | D:6      | Found a runed translucent gate.
  7508 | D:6      | Reached skill level 9 in Long Blades
  7508 | D:6      | Gained mutation: You are mostly covered in slimy green
                  | scales. (AC +3) [demonic ancestry]
  7508 | D:6      | Reached XP level 9. HP: 64/72 MP: 10/10
  7731 | D:6      | Noticed Eustachio
  7741 | D:6      | Killed Eustachio
  7955 | D:6      | Reached ***** piety under Lugonu
  8035 | D:6      | Reached skill level 10 in Long Blades
  8152 | D:6      | Noticed bmj180's ghost (novice DrCj)
  8268 | D:7      | Found a flagged portal.
  8291 | Bailey   | Entered a bailey
  8984 | Bailey   | Found an iron altar of Okawaru.
  8984 | Bailey   | Noticed an orc high priest
  8984 | Bailey   | Noticed a kobold demonologist
  9017 | Bailey   | Noticed an orange demon
  9017 | Bailey   | Killed a kobold demonologist
  9184 | Bailey   | Noticed a sixfirhy
  9187 | Bailey   | Noticed an orange demon
  9187 | Bailey   | Slain by a sixfirhy

Illustrated notes

Levels and vault maps discovered:
D:1:      evilmike_arrival_grusome_pit, layout_loops_ring, serial_shops, shop,
          shapermc_ecumenical_altar_starsandcircs, minmay_close_crescents
D:2:      layout_basic, serial_rivers, chequers_serial_rivers_small_a,
          chequers_serial_rivers_small_b, chequers_serial_rivers_micro_a,
          chequers_serial_rivers_large_b, chequers_serial_rivers_small_a,
          chequers_serial_rivers_small_3, serial_shops,
          nicolae_shop_behind_doors, uniq_jessica, uniq_sigmund
D:3:      layout_basic, yredelemnul_forgotten_temple_becter,
          jmf_multi_god_temple2, portal_sewer_entry_f, minmay_misc_feat_doors
D:4:      kennysheep_the_goblin_king, layout_basic,
          nicolae_dithmenos_shadow_blocks
D:5:      layout_loops_cross, fedhas_bush_and_centaur_altar,
          kennysheep_orc_sif_temple, temple_green
D:6:      layout_basic, gammafunk_ghost_icy, minmay_three_doors, uniq_eustachio
D:7:      layout_loops_ring, overflow_temple_1_default, enter_bailey_3,
          serial_shops, shop, shop, uniq_joseph, uniq_duvessa, uniq_pikel
Bailey:   bailey_axe_of_yendor_kennysheep, bailey

Skill      XL: |  1  2  3  4  5  6  7  8  9 |
---------------+----------------------------+-----
Long Blades    | 2 3 4 6 7 9 10 | 10.7
Fighting       | 4 5 6 7 8 |  8.8
Armour         | |  1.7
Dodging        | |  0.8
Invocations    | |  2.4

Action                   |  1- 3 |  4- 6 |  7- 9 || total
-------------------------+-------+-------+-------++-------
Melee: Falchion          |    92 |   215 |   194 ||   501
       Great sword       |       |       |    99 ||    99
Invok: Depart the Abyss  |     1 |       |       ||     1
Evoke: Wand              |       |       |    18 ||    18
  Use: Scroll            |       |     6 |    15 ||    21
       Potion            |       |       |     3 ||     3
 Stab: Sleeping          |       |     1 |       ||     1
Armor: Leather armour    |    30 |    64 |    93 ||   187
       Skin              |       |       |    35 ||    35
Dodge: Dodged            |    53 |    90 |   103 ||   246
Block: Other             |     9 |    38 |    46 ||    93
       Rpst.: Falchion   |    16 |    36 |    24 ||    76
       Great sword       |       |       |    11 ||    11

Table legend: (Time is in decaauts)
 A = Elapsed time spent in this place.
 B = Non-inter-level travel time spent in this place.
 C = Inter-level travel time spent in this place.
 D = Time resting spent in this place.
 E = Time spent auto-exploring this place.
 F = Levels seen in this place.
 G = Mean time per level.
                   A        B        C        D        E       F      G
               +--------+--------+--------+--------+--------+-----+--------+
         Total |   9342 |   8942 |    400 |   2110 |   5010 |  10 |  934.2 |
       Dungeon |   7622 |   7222 |    400 |   1304 |   4477 |   7 | 1088.9 |
         Abyss |    172 |    172 |      0 |     54 |     97 |   1 |  172.0 |
         Sewer |    641 |    641 |      0 |      0 |    435 |   1 |  641.0 |
        Bailey |    906 |    906 |      0 |    752 |      0 |   1 |  906.0 |
               +--------+--------+--------+--------+--------+-----+--------+

Top non-repeatable levels by time:
     D:4: 1929 daAuts
     D:1: 1467 daAuts
     D:5: 1381 daAuts
     D:3: 984 daAuts
     D:2: 934 daAuts
  Bailey: 906 daAuts
     D:6: 880 daAuts
   Sewer: 641 daAuts
 Abyss:1: 172 daAuts
     D:7: 45 daAuts
